 Dungeon Crawl Stone Soup version 0.20-a0-433-g9e36e56 (webtiles) character file.

16 Kriby the Magician (level 2, -12/19 HPs)
             Began as a Mummy Fire Elementalist on Jan 4, 2017.
             Mangled by an iguana (15 damage)
             ... on level 1 of the Dungeon.
             The game lasted 00:00:49 (848 turns).

Kriby the Magician (Mummy Fire Elementalist)         Turns: 848, Time: 00:00:50

Health: -12/19     AC:  3    Str: 11    XL:     2   Next: 41%
Magic:  1/6        EV: 12    Int: 14    God:
Gold:   12         SH:  0    Dex: 12    Spells: 6/7 levels left

rFire  x . .     SeeInvis .     d - +0 dagger
rCold  + . .     Gourm    .     a - +0 robe
rNeg   + + +     Faith    .     (no shield)
rPois  ∞         Spirit   .     (no helmet)
rElec  .         Reflect  .     (no cloak)
rCorr  .         Harm     .     (no gloves)
MR     .....                    c - +0 pair of boots
Stlth  ++........               (no amulet)
                                (no ring)
                                (no ring)

@: no status effects
A: no food or potions, fire vulnerability, cold resistance 1, negative energy
resistance 3, torment resistance, unbreathing
a: no special abilities


You were on level 1 of the Dungeon.
You were not hungry.

You visited 1 branch of the dungeon, and saw 1 of its levels.

You collected 12 gold pieces.

Inventory:

Hand Weapons
 d - a +0 dagger (weapon)
Armour
 a - a +0 robe (worn)
 c - a +0 pair of boots (worn)
Books
 b - a book of Flames

   Spells                             Type                      Level
   a - Flame Tongue                   Conjuration/Fire             1
   b - Throw Flame                    Conjuration/Fire             2
   c - Conjure Flame                  Conjuration/Fire             3
   d - Inner Flame                    Hexes/Fire                   3
   e - Sticky Flame                   Conjuration/Fire             4
   f - Fireball                       Conjuration/Fire             5


   Skills:
 - Level 1.5 Dodging
 - Level 1.5 Stealth
 + Level 3.0 Spellcasting
 * Level 1.3 Conjurations
 + Level 2.7 Fire Magic


You had 6 spell levels left.
You knew the following spells:

 Your Spells              Type           Power        Failure   Level  Hunger
a - Flame Tongue          Conj/Fire      #....        12%         1    N/A

Dungeon Overview and Level Annotations

Branches:
Dungeon (1/15)

Altars:


Innate Abilities, Weirdness & Mutations

You do not eat or drink.
Your flesh is vulnerable to fire.
You are immune to poison.
Your flesh is cold resistant. (rC+)
You are immune to negative energy. (rN+++)
You are immune to unholy pain and torment.
You can survive without breathing.


Message History

Casting: Flame Tongue
Confirm with . or Enter, or press ? or * to list all spells.
Aiming: Flame Tongue
Press: ? - help, Shift-Dir - straight line, f - iguana
Aim: an iguana The flame tongue misses the iguana.
The iguana bites you but does no damage.
Casting: Flame Tongue
Confirm with . or Enter, or press ? or * to list all spells.
You don't have enough magic to cast that spell.
Casting: Flame Tongue
Confirm with . or Enter, or press ? or * to list all spells.
You don't have enough magic to cast that spell.
You hit the iguana but do no damage. The iguana bites you.
You hit the iguana but do no damage. The iguana bites you!
Ouch! That really hurt!
* * * LOW HITPOINT WARNING * * *
You hit the iguana but do no damage. The iguana bites you!
Ouch! That really hurt!
You die...

#.........(. .
#...## #...........
.#.... ##...........
.#..................
....#..............
#.... ...%.........
#.####...#
######.......
.....$.l.# #........
#@# #........
#.########........
#)##..............
#.....####........
###.!.# ##.......
#$#...# ##......
#.#......#######
...$.....#
.#....$...#


You could see an iguana.

Vanquished Creatures
  A dart slug (D:1)
  A giant cockroach (D:1)
  3 hobgoblins (D:1)
  A ball python (D:1)
  5 bats (D:1)
  3 frilled lizards (D:1)
  A rat (D:1)
15 creatures vanquished.

Notes
Turn   | Place    | Note
-------+----------+-------------------------------------------
     0 | D:1      | Kriby the Mummy Fire Elementalist began the quest for the Orb.
     0 | D:1      | Reached XP level 1. HP: 13/13 MP: 4/4
   238 | D:1      | Reached skill level 1 in Conjurations
   703 | D:1      | Reached skill level 3 in Spellcasting
   705 | D:1      | Reached XP level 2. HP: 19/19 MP: 0/6
   848 | D:1      | Mangled by an iguana

Vault maps used:
D:1:      wheals_arrival_shading

Skill      XL: |  1 |
---------------+----+-----
Conjurations   | 1 |  1.3
Spellcasting   | 3 |  3.0
Dodging        | |  1.5
Stealth        | |  1.5
Fire Magic     | |  2.7

Action                   || total
-------------------------++-------
Melee: Unarmed           ||    14
       Dagger            ||     3
 Cast: Flame Tongue      ||    25
Armor: Robe              ||    20
Dodge: Dodged            ||    47
